 Dungeon Crawl Stone Soup version 0.32-a0-898-g7811c86cf0 (webtiles) character file.

Game seed: 7500925061190961447

230 Ajdolov the Trooper (level 5, -1/47 HPs)
             Began as an Armataur Fighter on Apr 4, 2024.
             Slain by a killer bee (6 damage)
             ... on level 4 of the Dungeon.
             The game lasted 00:03:07 (2408 turns).

Ajdolov the Trooper (Armataur Fighter)              Turns: 2408, Time: 00:03:08

Health: -1/47      AC: 11    Str: 27    XL:     5   Next: 72%
Magic:  5/5        EV:  6    Int: 10    God:
Gold:   136        SH:  4    Dex:  9    Spells: 4/4 levels left

rFire   . . .        a - +3 whip
rCold   . . .        c - +0 buckler
rNeg    . . .        b - +0 scale mail
rPois   .            m - +2 helmet {Int+3}
rElec   .            o - +0 cloak
rCorr   .            (no gloves)
SInv    .            (no barding)
Will    .....        (no amulet) Stlth
                     (no ring)
HPRegen 0.27/turn    (no ring)
MPRegen 0.09/turn

%: roll
@: about to teleport
A: large, deformed body, tough skin 3, armoured tail, rollpage 1, strong 1,
MP-powered wands
a: no special abilities


You were on level 4 of the Dungeon.
You visited 1 branch of the dungeon, and saw 4 of its levels.

You collected 136 gold pieces.

Inventory:

Hand Weapons
 a - a +3 whip (weapon)
 n - a +2 hammer of holy wrath
Armour
 b - a +0 scale mail (worn)
 c - a +0 buckler (worn)
 m - a +2 helmet of intelligence (worn)
 o - a +0 cloak (worn)
Scrolls
 e - a scroll of noise {unknown}
 g - 6 scrolls of identify {unknown}
 i - a scroll of enchant armour {unknown}
 k - a scroll of revelation {unknown}
 l - 2 scrolls of teleportation
 p - a scroll of poison {unknown}
Potions
 d - 3 potions of might
 j - a potion of enlightenment {unknown}


   Skills:
 + Level 4.6 Fighting
 + Level 4.0 Maces & Flails
 - Level 3.6 Armour
 - Level 3.2 Shields


You had 4 spell levels left.
You didn't know any spells.
Your spell library contained the following spells:

 Spells                   Type           Power      Damage    Failure   Level
 Sting                    Conj/Alch      0%         1d3       69%         1
 Mercury Vapours          Alch/Air       0%         N/A       83%         2
 Inner Flame              Hex/Fire       0%         N/A       96%         3
 Leda's Liquefaction      Alch/Erth      0%         N/A       100%        4
 Olgreb's Toxic Radiance  Alch           0%         N/A       100%        4
 Irradiate                Conj/Alch      0%         3d11      100%        5
 Lee's Rapid Deconstruct  Erth           0%         3d4*      100%        5
 Permafrost Eruption      Ice/Erth       0%         2x4d1     100%        6
 Ignition                 Fire           0%         3d3       100%        8


Dungeon Overview and Level Annotations

Branches:
Dungeon (4/15)
 Temple: D:4-7

Altars:
Elyvilon

Annotations:
D:3 1 runed translucent door, Crazy Yiuf


Innate Abilities, Weirdness & Mutations

Armour fits poorly on your strangely shaped body.
You have extremely tough skin. (AC +3)
You have a long armoured tail.
You regenerate magic when rolling toward enemies. (Rampage MPRegen)
Your muscles are strong. (Str +4, Int/Dex -1)
You expend magic power (3 MP) to strengthen your wands.


Message History

The killer bee completely misses you.
The killer bee stings you but does no damage.
It was a potion of curing.
You feel better.
The killer bee stings you but does no damage.
The killer bee stings you.
The killer bee stings you but does no damage.
The killer bee stings you.
* * * LOW HITPOINT WARNING * * *
As you read the scroll labelled XIAHIOB GUS NOEFE, it crumbles to dust.
You feel strangely unstable.
It was a scroll of teleportation.
The killer bee stings you but does no damage.
The killer bee stings you.
* * * LOW HITPOINT WARNING * * *
The killer bee stings you but does no damage. x2
You barely miss the killer bee.
The killer bee stings you but does no damage.
The killer bee closely misses you. You block the killer bee's attack.
The killer bee stings you but does no damage.
Unknown command.
You hit the killer bee.
The killer bee is almost dead.
You block the killer bee's attack. The killer bee completely misses you.
The killer bee barely misses you. The killer bee stings you.
* * * LOW HITPOINT WARNING * * *
An iguana comes into view.
Unknown command.
You hit the killer bee.
You kill the killer bee!
The killer bee stings you but does no damage.
The killer bee closely misses you.
The killer bee stings you but does no damage.
Your Maces & Flails skill increases to level 4!
Unknown command.
You miss the killer bee. The killer bee stings you.
* * * LOW HITPOINT WARNING * * *
A killer bee comes into view.
The killer bee barely misses you.
The killer bee stings you but does no damage.
The killer bee stings you.
You die...

## .# .# .#
##.#
###..#####.
#l.<.......
#y###..####
#@# .y..
#y# ##y#


#yy . #### You could see an iguana and 4 killer bees.

Vanquished Creatures
  A killer bee (D:4)
  2 orc wizards (D:3)
  Robin (D:2)
  6 adders
  A dart slug (D:2)
  5 orcs (D:3)
  3 endoplasms (D:1)
  2 giant cockroaches
  11 goblins
  7 hobgoblins
  7 kobolds
  6 quokkas
  5 ball pythons
  3 bats (D:1)
  A frilled lizard (D:1)
  4 rats
65 creatures vanquished.

Notes
Turn   | Place    | Note
-------+----------+-------------------------------------------
     0 | D:1      | Ajdolov the Armataur Fighter began the quest for the Orb.
     0 | D:1      | Reached XP level 1. HP: 18/18 MP: 1/1
    77 | D:1      | Reached XP level 2. HP: 24/26 MP: 2/2
   732 | D:2      | Reached XP level 3. HP: 9/31 MP: 3/3
   953 | D:2      | Noticed Robin
   966 | D:2      | Killed Robin
   967 | D:2      | Reached XP level 4. HP: 12/35 MP: 4/4
  1975 | D:3      | Found a white marble altar of Elyvilon.
  1989 | D:3      | Found a runed translucent door.
  1990 | D:3      | Noticed Crazy Yiuf
  2118 | D:3      | Reached XP level 5. HP: 44/46 MP: 5/5
  2402 | D:4      | Gained mutation: You expend magic power (3 MP) to
                  | strengthen your wands. [potion of mutation]
  2402 | D:4      | Gained mutation: Your muscles are strong. (Str +4, Int/Dex
                  | -1) [potion of mutation]
  2408 | D:4      | Slain by a killer bee

Illustrated notes

Levels and vault maps discovered:
D:1:      heliophobic_arrival_glass_houses, layout_loops_ring, minmay_cut_off
D:2:      layout_loops_ring, uniq_robin
D:3:      layout_rooms, lemuel_tele_altar, uniq_crazy_yiuf_cottage
D:4:      layout_loops_cross, vehumet_altar_wand_db, slow_altar_1,
          minmay_close_crescents

Skill      XL: |  1  2  3  4  5 |
---------------+----------------+-----
Maces & Flails | 2 3 4 |  4.0
Fighting       | 3 4 |  4.6
Armour         | |  3.6
Shields        | |  3.2

Action                     |  1- 3 |  4- 6 || total
---------------------------+-------+-------++-------
  Melee: Flail             |   106 |    52 ||   158
         Tailslap          |     5 |     8 ||    13
         Mace              |       |    26 ||    26
         Whip              |       |    12 ||    12
    Use: Potion            |       |     2 ||     2
         Scroll            |       |     1 ||     1
 Armour: Scale mail        |    83 |    93 ||   176
  Dodge: Dodged            |    30 |    26 ||    56
  Block: Buckler           |    25 |    22 ||    47

Table legend: (Time is in decaauts)
 A = Elapsed time spent in this place.
 B = Non-inter-level travel time spent in this place.
 C = Inter-level travel time spent in this place.
 D = Time resting spent in this place.
 E = Time spent auto-exploring this place.
 F = Levels seen in this place.
 G = Mean time per level.
                   A        B        C        D        E       F      G
               +--------+--------+--------+--------+--------+-----+--------+
         Total |   2459 |   2330 |    129 |    172 |   1682 |   4 |  614.8 |
       Dungeon |   2459 |   2330 |    129 |    172 |   1682 |   4 |  614.8 |
               +--------+--------+--------+--------+--------+-----+--------+

Top non-repeatable levels by time:
     D:2: 990 daAuts
     D:1: 732 daAuts
     D:3: 714 daAuts
     D:4: 20 daAuts
